 Dungeon Crawl Stone Soup version 0.28.0 (webtiles) character file.

Game seed: 14645872892269955515

88 bande the Skirmisher (level 4, -6/29 HPs)
             Began as a Gargoyle Fighter on Feb 6, 2022.
             Mangled by an ice beast (9 damage)
             ... on level 3 of the Dungeon.
             The game lasted 00:02:42 (2511 turns).

bande the Skirmisher (Gargoyle Fighter)             Turns: 2511, Time: 00:02:43

Health: -6/29      AC: 10    Str: 19    XL:     4   Next: 54%
Magic:  4/4        EV:  9    Int:  9    God:
Gold:   75         SH:  4    Dex: 11    Spells: 3/3 levels left

rFire   . . .      SeeInvis .   a - +0 war axe
rCold   . . .      Faith    .   c - +0 buckler
rNeg    + . .      Spirit   .   b - +0 scale mail
rPois   ∞          Reflect  .   (no helmet)
rElec   +          Harm     .   (no cloak)
rCorr   .          Rampage  .   (no gloves)
Will    .....                   (no boots)
Stlth   ..........              (no amulet)
HPRegen 0.09/turn               (no ring)
MPRegen 0.09/turn               (no ring)

@: no status effects
A: sickness immunity, AC +3, negative energy resistance 1, electricity
resistance, torment resistance 1, petrification resistance
a: no special abilities


You were on level 3 of the Dungeon.
You visited 1 branch of the dungeon, and saw 3 of its levels.

You collected 75 gold pieces.

Inventory:

Hand Weapons
 a - a +0 war axe (weapon)
Armour
 b - a +0 scale mail (worn)
 c - a +0 buckler (worn)
Potions
 d - 2 potions of might
 f - a potion of haste
 g - a potion of brilliance {unknown}


   Skills:
 + Level 3.9 Fighting
 + Level 3.0 Axes
 + Level 3.8 Armour
 + Level 3.8 Shields


You had 3 spell levels left.
You didn't know any spells.
Your spell library was empty.

Dungeon Overview and Level Annotations

Branches:
Dungeon (3/15)

Altars:


Innate Abilities, Weirdness & Mutations

You are immune to sickness and miasma.
Your stone body is resilient. (AC +3)
You are immune to poison.
You resist negative energy. (rN+)
You are resistant to electric shocks. (rElec)
You are resistant to unholy torment.
You are immune to petrification.


Message History

The goblin unwields a +0 hunting sling.
The goblin wields a +0 club.
You block the goblin's attack.
You slash the goblin!
You kill the goblin!
Your Axes skill increases to level 3!
No target in view!
No target in view!
No target in view!
No target in view!
No target in view!
Items here: ( )) †.
There is an open door here.
There is an open door here.
There is an open door here.
Done exploring.
Done exploring.
Done exploring.
There is an open door here.
There is an open door here.
You see here 26 stones.
There is a stone staircase leading down here.
You climb downwards.
There is a stone staircase leading up here.
An ice beast comes into view.
An ice beast is nearby!
You slash the ice beast!
The ice beast is heavily wounded.
The ice beast hits you. The ice beast freezes you.
The ice beast barely misses you.
You hit the ice beast.
The ice beast is severely wounded.
The ice beast hits you. The ice beast freezes you!
* * * LOW HITPOINT WARNING * * *
You barely miss the ice beast.
The ice beast is severely wounded.
The ice beast hits you but does no damage.
The ice beast hits you.
* * * LOW HITPOINT WARNING * * *
The ice beast freezes you!
You die...

####+## .......
.......########
......Y@......#
.#####.#.#.#.##
#.#<#.# #.#.#.#
#.#.#.. #.#....
#.#....#
#.#....# #.##


You could see an ice beast.

Vanquished Creatures
  4 adders (D:2)
  A worm (D:2)
  A dart slug (D:1)
  2 bats
  3 endoplasms
  A giant cockroach (D:2)
  4 goblins
  2 hobgoblins (D:1)
  10 jackals
  A quokka (D:1)
  5 ball pythons
  2 frilled lizards
  4 kobolds
  4 rats
44 creatures vanquished.

Notes
Turn   | Place    | Note
-------+----------+-------------------------------------------
     0 | D:1      | bande the Gargoyle Fighter began the quest for the Orb.
     0 | D:1      | Reached XP level 1. HP: 14/14 MP: 1/1
   581 | D:1      | Reached XP level 2. HP: 15/19 MP: 2/2
  1041 | D:1      | Reached XP level 3. HP: 24/24 MP: 3/3
  1486 | D:2      | Reached XP level 4. HP: 29/29 MP: 4/4
  2503 | D:3      | Noticed an ice beast
  2511 | D:3      | Mangled by an ice beast

Illustrated notes

Levels and vault maps discovered:
D:1:      minmay_arrival_solitary_statue, layout_rooms
D:2:      layout_basic, roderic_lattice_a, chequers_jeans, minmay_bisected
D:3:      layout_basic, shapermc_ecumenical_altar_petra,
          grunt_decor_mini_mirrors

Skill      XL: |  1  2  3  4 |
---------------+-------------+-----
Axes           | 2 3 |  3.0
Fighting       | |  3.9
Armour         | |  3.8
Shields        | |  3.8

Action                   |  1- 3 |  4- 6 || total
-------------------------+-------+-------++-------
Melee: War axe           |   115 |    39 ||   154
  Use: Scroll            |     1 |     2 ||     3
Armor: Scale mail        |    87 |    21 ||   108
Dodge: Dodged            |    74 |    20 ||    94
Block: Buckler           |    41 |    10 ||    51
